 Dungeon Crawl Stone Soup version 0.28.0-45-g0d030f2227 (webtiles) character file.

Game seed: 14861218244272326289

2511 McKennaii the Covered (level 9, 0/76 (79) HPs)
             Began as a Demigod Fighter on Apr 18, 2022.
             Slain by a wight
             ... wielding a +0 scimitar
              (9 damage)
             ... on level 7 of the Dungeon.
             The game lasted 00:09:20 (10269 turns).

McKennaii the Covered (Demigod Fighter)            Turns: 10269, Time: 00:09:20

HP:   0/76 (79)     AC: 10    Str: 25      XL:     9   Next: 8%
MP:   11/11         EV:  8    Int: 14      God:
Gold: 288           SH:  4    Dex: 10 (13) Spells: 8/8 levels left

rFire   . . .      SeeInvis .   a - +0 trident
rCold   . . .      Faith    .   c - +0 buckler
rNeg    . . .      Spirit   .   l - +0 chain mail
rPois   .          Reflect  .   (helmet restricted)
rElec   .          Harm     .   (no cloak)
rCorr   .          Rampage  .   (no gloves)
Will    ++...                   (no boots)
Stlth   ..........              (no amulet)
HPRegen 0.22/turn               t - ring of wizardry
MPRegen 0.12/turn               B - ring of wizardry

@: lightly drained
A: high MP 1, forlorn, divine attributes, horns 1, strong-willed 2
a: no special abilities


You were on level 7 of the Dungeon.
You visited 1 branch of the dungeon, and saw 7 of its levels.
You also visited: Ossuary.

You collected 385 gold pieces.
You spent 97 gold pieces at shops.

Inventory:

Hand Weapons
 a - a +0 trident (weapon)
Armour
 b - a +0 scale mail
 c - a +0 buckler (worn)
 i - a +0 plate armour
 l - a +0 chain mail (worn)
Magical Staves
 u - a staff of conjuration
Jewellery
 t - a ring of wizardry (left hand)
 B - a ring of wizardry (right hand)
 E - a ring of flight
Wands
 k - a wand of mindburst (4)
 m - a wand of acid (7)
 s - a wand of polymorph (20)
 w - a wand of flame (35)
Scrolls
 e - 2 scrolls of magic mapping
 f - 2 scrolls of teleportation
 g - a scroll of immolation
 n - a scroll of blinking
 p - a scroll of amnesia
 q - 2 scrolls of vulnerability
 r - a scroll of fog {unknown}
 y - a scroll of fear {unknown}
 D - a scroll of noise {unknown}
Potions
 d - 2 potions of might
 h - 7 potions of curing
 j - 4 potions of brilliance {unknown}
 o - a potion of flight {unknown}
 v - 3 potions of haste
 x - 3 potions of mutation
 z - a potion of attraction {unknown}
 A - 3 potions of heal wounds {unknown}
 C - a potion of cancellation {unknown}
 F - a potion of degeneration {unknown}


   Skills:
 + Level 7.0 Fighting
 + Level 6.6 Polearms
 + Level 7.0 Armour
 - Level 4.0 Shields


You had 8 spell levels left.
You didn't know any spells.
Your spell library contained the following spells:

 Spells                   Type           Power      Damage    Failure   Level
 Conjure Flame            Conj/Fire      0%         6-21      82%         3
 Ignite Poison            Fire/Tmut/Pois 0%         N/A       82%         3
 Ozocubu's Armour         Ice            0%         N/A       82%         3
 Sticky Flame             Conj/Fire      0%         2d3       99%         4
 Blade Hands              Tmut           0%         N/A       100%        5
 Metabolic Englaciation   Hex/Ice        0%         N/A       100%        5
 Simulacrum               Ice/Necr       0%         N/A       100%        6
 Storm Form               Tmut/Air       0%         N/A       100%        7


Dungeon Overview and Level Annotations

Branches:
Dungeon (7/15)            Ossuary (visited)
 Temple: D:4-7

Shops:
D:3 *   D:4 :


Innate Abilities, Weirdness & Mutations

You have an increased reservoir of magic. (+10% MP)
You shall have no god before yourself.
Your divine heritage dramatically boosts your attributes as you level up.
You have a pair of small horns on your head.
You are highly strong-willed. (Will++)


Message History

You hit the wight but do no damage. The wight misses you.
You hit the wight.
The wight is moderately damaged.
You block the wight's attack.
You hit the wight but do no damage.
You headbutt the wight, but do no damage.
The wight is moderately damaged.
The wight hits you but does no damage.
You closely miss the wight.
The wight is moderately damaged.
The wight hits you with a +3 battleaxe.
You hit the wight but do no damage. You headbutt the wight.
The wight is heavily damaged.
The wight hits you with a +3 battleaxe!
You feel drained.
You barely miss the wight. Your headbutt misses the wight.
The wight is heavily damaged.
The wight hits you with a +3 battleaxe!
* * * LOW HITPOINT WARNING * * *
You feel drained.
* * * LOW HITPOINT WARNING * * *
You hit the wight. You headbutt the wight.
You destroy the wight!
You feel your dexterity returning.
Your Fighting skill increases to level 7!
Unknown command.
You puncture the wight! You headbutt the wight.
The wight is almost destroyed.
The wight barely misses you.
You hit the wight. Your headbutt misses the wight.
The wight is almost destroyed.
You block the wight's attack.
You closely miss the wight.
You headbutt the wight, but do no damage.
The wight is almost destroyed.
The wight hits you with a +0 scimitar!
* * * LOW HITPOINT WARNING * * *
You closely miss the wight.
The wight is almost destroyed.
The wight hits you with a +0 scimitar!
You die...

#.#..#.#
#.#..#.#
#.# #.#
#.# #.#
#.# #.#
#@# #z#
.....z).#
#######.#
#.# ###


You could see a wight.

Vanquished Creatures
  Pikel (D:5)
  A wraith (Ossuary)
  A water moccasin (D:5)
  2 ice beasts (D:6)
  A sky beast (D:6)
  2 black bears
  2 ogres
  A centaur (D:7)
  3 lemures
  2 kobold brigands
  A scorpion (D:4)
  A water moccasin zombie (D:5)
  A water moccasin skeleton (D:5)
  2 wights (D:7)
  A quasit (D:7)
  2 jellies
  6 hounds
  A centaur skeleton (D:5)
  A gnoll shaman (D:3)
  Natasha (thrice) (D:3)
  An iguana (D:4)
  A hound skeleton (D:4)
  3 mummies (Ossuary)
  13 gnolls
  An adder (D:2)
  A shadow imp (D:7)
  A white imp (D:7)
  An ufetubus (D:5)
  4 worms
  5 dart slugs
  3 orcs
  7 endoplasms
  5 giant cockroaches
  4 hobgoblins
  16 kobolds
  4 quokkas
  9 ball pythons
  3 bats
  3 frilled lizards
  3 gnoll zombies (Ossuary)
  7 goblins
  2 goblin skeletons (D:7)
  A goblin zombie (Ossuary)
  5 hobgoblin zombies
  6 kobold zombies
  An orc skeleton (D:7)
  2 orc zombies
  5 rats
152 creatures vanquished.

Notes
Turn   | Place    | Note
-------+----------+-------------------------------------------
     0 | D:1      | McKennaii the Demigod Fighter began the quest for the Orb.
     0 | D:1      | Reached XP level 1. HP: 18/18 MP: 3/3
   298 | D:1      | Reached XP level 2. HP: 25/25 MP: 4/4
   708 | D:2      | Reached XP level 3. HP: 23/31 MP: 5/5
   931 | D:2      | Got the Almanac of Changing
  1702 | D:2      | Reached XP level 4. HP: 36/38 MP: 6/6
  1848 | D:3      | Found Evvattu's General Store.
  2237 | D:3      | Bought a scroll of blinking for 97 gold pieces
  2678 | D:3      | Noticed Natasha
  2690 | D:3      | Killed Natasha
  2691 | D:3      | Reached XP level 5. HP: 28/45 MP: 7/7
  2755 | D:3      | Noticed Natasha
  2758 | D:3      | Killed Natasha
  2784 | D:3      | Noticed Natasha
  2797 | D:3      | Killed Natasha
  2925 | D:4      | Found Ryliufemm's Self-Improvement Boutique.
  3468 | D:4      | Reached XP level 6. HP: 20/52 MP: 8/8
  4943 | D:4      | Noticed an angel
  5599 | D:4      | Reached XP level 7. HP: 59/60 MP: 9/9
  5647 | D:5      | Entered Level 5 of the Dungeon
  5670 | D:5      | Gained mutation: You are strong-willed. (Will+) [potion of
                  | mutation]
  5670 | D:5      | Gained mutation: You are highly strong-willed. (Will++)
                  | [potion of mutation]
  5670 | D:5      | Gained mutation: You have a pair of small horns on your
                  | head. [potion of mutation]
  6206 | D:5      | Reached skill level 5 in Fighting
  6206 | D:5      | Reached skill level 5 in Armour
  7035 | D:6      | Reached skill level 5 in Polearms
  7209 | D:6      | Found a sand-covered staircase.
  7229 | Ossuary  | Entered an ossuary
  7229 | Ossuary  | Noticed a wraith
  7229 | Ossuary  | Noticed a wraith
  7229 | Ossuary  | Noticed a wraith
  7733 | Ossuary  | Noticed a wraith
  7749 | Ossuary  | Killed a wraith
  7750 | Ossuary  | Reached XP level 8. HP: 29/70 MP: 10/10
  8773 | D:6      | Noticed Pikel
  8937 | D:5      | Killed Pikel
 10066 | D:7      | Reached XP level 9. HP: 56/78 MP: 11/11
 10269 | D:7      | Slain by a wight

Illustrated notes

Levels and vault maps discovered:
D:1:      dpeg_arrival_erosion, layout_loops_cross
D:2:      layout_loops_corners, minivault_4
D:3:      layout_rooms, serial_curves, eino_curves_02, eino_curves_03,
          serial_shops, shop, hellmonk_ecumenical_altar_leap_of_faith,
          uniq_natasha
D:4:      layout_layer_cave, zin_angel, nicolae_shop_self_help
D:5:      layout_basic, mainiacjoe_overflow_large_starburst
D:6:      layout_basic, serial_corexii_hall, corexii_hall_statues_x,
          chequers_hall_statues_wall_a, corexii_hall_statues_t,
          corexii_hall_statues_x, nicolae_ossuary_entry_false_entrances,
          uniq_pikel
D:7:      layout_basic, nicolae_tso_besieged_by_evil, temple_doors_e,
          hellmonk_ghost_happy_afterlife

Skill      XL: |  1  2  3  4  5  6  7  8  9 |
---------------+----------------------------+-----
Polearms       | 2 3 4 5 6 |  6.6
Fighting       | 3 4 5 6 7 |  7.0
Armour         | 3 4 5 6 7 |  7.0
Shields        | 3 4 |  4.0

Action                   |  1- 3 |  4- 6 |  7- 9 || total
-------------------------+-------+-------+-------++-------
Melee: Trident           |   112 |   234 |   350 ||   696
       Headbutt          |       |       |    75 ||    75
Evoke: Wand              |       |       |     1 ||     1
  Use: Potion            |       |     1 |     2 ||     3
       Scroll            |       |       |     5 ||     5
Armor: Scale mail        |    44 |    49 |       ||    93
       Chain mail        |       |    32 |   135 ||   167
Dodge: Dodged            |    28 |    73 |    83 ||   184
Block: Buckler           |    23 |    45 |    68 ||   136
